 Dungeon Crawl Stone Soup version 0.28-a0-32-g8dfe7f97f6 (webtiles) character file.

Game seed: 7247408248037625345

35 Spaninq the Skirmisher (level 3, 0/33 HPs)
             Began as a Hill Orc Abyssal Knight on July 27, 2021.
             Was a Believer of Lugonu.
             Slain by a kobold (1 damage)
             ... on level 2 of the Dungeon.
             The game lasted 00:02:18 (1636 turns).

Spaninq the Skirmisher (Hill Orc Abyssal Knight)    Turns: 1636, Time: 00:02:20

Health: 0/33       AC:  3    Str: 15    XL:     3   Next: 35%
Magic:  5/5        EV: 11    Int: 12    God:    Lugonu [**....]
Gold:   31         SH:  0    Dex: 10    Spells: 2/2 levels left

rFire   . . .      SeeInvis .   a - +1 hand axe
rCold   . . .      Faith    .   (no shield)
rNeg    . . .      Spirit   .   b - +0 leather armour
rPois   .          Reflect  .   (no helmet)
rElec   .          Harm     .   (no cloak)
rCorr   .          Rampage  .   (no gloves)
Will    .....                   (no boots)
Stlth   +.........              (no amulet)
HPRegen 0.11/turn               (no ring)
MPRegen 0.09/turn               (no ring)

@: no status effects
A: no striking features
a: Renounce Religion, Depart the Abyss, Bend Space


You were on level 2 of the Dungeon.
You worshipped Lugonu.
Lugonu was pleased with you.
You visited 1 branch of the dungeon, and saw 2 of its levels.
You visited the Abyss 1 time.

You collected 31 gold pieces.

Inventory:

Hand Weapons
 a - a +1 hand axe (weapon)
Armour
 b - a +0 leather armour (worn)
Scrolls
 e - a scroll of identify {unknown}
 h - a scroll of noise {unknown}
 j - a scroll of amnesia {unknown}
Potions
 c - a potion of invisibility {unknown}
 d - 2 potions of resistance {unknown}
 f - a potion of lignification {unknown}
 g - a potion of might {unknown}
 i - a potion of mutation {unknown}


   Skills:
 + Level 4.0 Fighting
 * Level 3.8 Axes
 + Level 2.6 Armour
 - Level 0.7 Dodging
 + Level 2.9 Invocations


You had 2 spell levels left.
You didn't know any spells.
Your spell library contained the following spells:

 Spells                   Type           Power      Damage    Failure   Level
 Ozocubu's Armour         Ice            0%         N/A       77%         3
 Ozocubu's Refrigeration  Ice            0%         4d5       100%        7


Dungeon Overview and Level Annotations

Branches:
Dungeon (2/15)

Altars:


Message History

There is a stone staircase leading up here.
A black bear comes into view.
The black bear growls angrily.
The rat twitches its whiskers.
The black bear bites you!
The black bear claws you but does no damage.
The black bear claws you.
There is a stone staircase leading up, spattered with blood here.
The rat bites you but does no damage. The black bear barely misses you.
The black bear claws you but does no damage.
The black bear claws you.
You climb upwards.
There is a stone staircase leading down here.
Space bends around you!
You blink.
The black bear misses you. The black bear claws you. x2
Space bends around you!
You blink.
There is a stone staircase leading down here.
You climb downwards.
A kobold comes into view.
It is wielding a +2 short sword of freezing.
The kobold throws a stone.
The stone hits you but does no damage.
There is a stone staircase leading up here.
The kobold hits you with a +2 short sword of freezing.
* * * LOW HITPOINT WARNING * * *
The kobold freezes you.
* * * LOW HITPOINT WARNING * * *
You completely miss the kobold. The kobold closely misses you.
You hit the kobold.
The kobold is severely wounded.
The kobold completely misses you.
You barely miss the kobold.
The kobold is severely wounded.
The kobold barely misses you.
You hit the kobold but do no damage.
The kobold is severely wounded.
The kobold hits you with a +2 short sword of freezing.
* * * LOW HITPOINT WARNING * * *
The kobold freezes you.
* * * LOW HITPOINT WARNING * * *
The kobold hits you with a +2 short sword of freezing.
You die...

###
..#
#.#
#.#
#K#
#@#
#<#
#.#
#.#
..#
#.#
#.#
###


You could see a kobold.

Vanquished Creatures
  A dart slug (D:1)
  2 bats (D:1)
  An endoplasm (D:1)
  3 giant cockroaches (D:1)
  3 goblins (D:1)
  3 hobgoblins (D:1)
  4 quokkas (D:1)
  2 ball pythons (D:1)
  4 frilled lizards (D:1)
  4 kobolds (D:1)
  3 rats (D:1)
30 creatures vanquished.

Notes
Turn   | Place    | Note
-------+----------+-------------------------------------------
     0 | Abyss:1  | Spaninq the Hill Orc Abyssal Knight began the quest for the
                  | Orb.
     0 | Abyss:1  | Reached XP level 1. HP: 19/19 MP: 2/2
    20 | D:1      | Escaped the Abyss
   275 | D:1      | Reached XP level 2. HP: 25/27 MP: 3/3
   746 | D:1      | Reached XP level 3. HP: 25/33 MP: 5/5
   838 | D:1      | Reached ** piety under Lugonu
   839 | D:1      | Reached skill level 4 in Fighting
   876 | D:1      | Found a faded altar of an unknown god.
  1600 | D:2      | Noticed a black bear
  1636 | D:2      | HP: 1/33 [kobold (1)]
  1636 | D:2      | Slain by a kobold

Illustrated notes

Levels and vault maps discovered:
D:1:      onia_arrival_pyramid, layout_basic,
          chequers_ecumenical_altar_simple_redux
D:2:      layout_basic, uniq_natasha, uniq_terence

Skill      XL: |  1  2  3 |
---------------+----------+-----
Axes           | 3 |  3.8
Fighting       | 4 |  4.0
Armour         | |  2.6
Dodging        | |  0.7
Invocations    | |  2.9

Action                   || total
-------------------------++-------
Melee: Hand axe          ||    97
Invok: Bend Space        ||     2
Armor: Leather armour    ||    37
Dodge: Dodged            ||    57

Table legend: (Time is in decaauts)
 A = Elapsed time spent in this place.
 B = Non-inter-level travel time spent in this place.
 C = Inter-level travel time spent in this place.
 D = Time resting spent in this place.
 E = Time spent auto-exploring this place.
 F = Levels seen in this place.
 G = Mean time per level.
                   A        B        C        D        E       F      G
               +--------+--------+--------+--------+--------+-----+--------+
         Total |   1649 |   1625 |     24 |      0 |   1358 |   3 |  549.7 |
       Dungeon |   1629 |   1605 |     24 |      0 |   1342 |   2 |  814.5 |
         Abyss |     20 |     20 |      0 |      0 |     16 |   1 |   20.0 |
               +--------+--------+--------+--------+--------+-----+--------+

Top non-repeatable levels by time:
     D:1: 1617 daAuts
 Abyss:1: 20 daAuts
     D:2: 11 daAuts
